Map: Paladino Terminal LE

Players

KeeN - Winner!

  • Race: Terran Terran
  • League: Grandmaster
  • Spawn Location: 9:00

Leenock

  • Race: Zerg Zerg
  • League: Grandmaster
  • Spawn Location: 5:00

VOD

Have the link to the VOD?

Description

How to defend the 1 base ravager all in TvZ

Time

  • Played on: Feb. 10, 2017, 6:32 a.m.
  • Length: 4:43
Show
View Real Time Build Order
Export as new Build Order

KeeN Terran - Winner!

Build Orders: Reaper Expand 

Get SALT Encoding   

  12  0:00  SCV  
  13  0:12  SCV  
  14  0:17  Supply Depot  
  14  0:25  SCV  
  15  0:30  Refinery  
  15  0:39  SCV  
  16  0:46  Barracks  
  16  0:51  SCV  
  17  1:03  SCV  
  18  1:15  SCV  
  19  1:33  Orbital Command  
  19  1:34  Reaper  
  20  1:50  Command Center  
  20  2:00  Factory  
  20  2:09  Bunker  
  20  2:13  SCV  
  20  2:15  Marine  
  21  2:23  Supply Depot  
  21  2:25  SCV  
  22  2:32  Marine  
  23  2:43  Factory Tech Lab  
  23  2:45  SCV  
  23  2:46  Bunker  
  23  2:50  Marine  
  25  2:58  Refinery  
  25  3:00  SCV  
  25  3:02  Siege Tank  
  28  3:13  Marine  
  29  3:23  SCV  
  29  3:29  Supply Depot  
  29  3:31  Marine  
  30  3:51  Siege Tank, Marine  
  30  3:55  SCV  
  34  4:13  Marine  
  34  4:23  Supply Depot  
Show
View Real Time Build Order
Export as new Build Order

Leenock Zerg 

Build Orders: Pool Only, Ravager All-In 

Get SALT Encoding   

  12  0:00  Drone  
  13  0:08  Drone  
  14  0:26  Spawning Pool  
  13  0:29  Drone  
  13  0:33  Extractor  
  13  0:36  Drone  
  14  0:45  Overlord  
  14  0:56  Extractor, Drone  
  14  1:03  Drone  
  16  1:04  Drone  
  16  1:14  Roach Warren  
  15  1:19  Zergling x2  
  16  1:30  Overlord  
  16  1:54  Roach x2  
  20  1:57  Roach  
  22  2:06  Roach  
  24  2:17  Roach  
  26  2:25  Ravager x3  
  28  2:42  Overlord  
  28  2:44  Roach  
  30  3:07  Roach x2  
  30  3:10  Ravager  
  35  3:22  Ravager  
  36  3:31  Ravager x2  
  38  3:37  Overlord  
  38  3:57  Drone x3  
  38  4:00  Ravager  
  40  4:15  Drone  
  40  4:21  Roach  
Tags
 
Add a new tag
Caveats
  • Supply blocks, unpowered buildings, or Contaminate may cause inaccurate times.
  • Supply counts are checked every 10 seconds.